 Dungeon Crawl Stone Soup version 0.28.0-45-g0d030f2227 (webtiles) character file.

Game seed: 16018498179461361038

249 mcbry74 the Ruffian (level 5, 0/48 HPs)
             Began as a Troll Gladiator on May 4, 2022.
             Slain by a black bear (3 damage)
             ... on level 4 of the Dungeon.
             The game lasted 00:11:39 (3293 turns).

mcbry74 the Ruffian (Troll Gladiator)               Turns: 3293, Time: 00:11:39

Health: 0/48       AC:  4    Str: 22    XL:     5   Next: 87%
Magic:  4/4        EV: 10    Int:  6    God:
Gold:   155        SH:  0    Dex: 11    Spells: 4/4 levels left

rFire   . . .      SeeInvis .     - Unarmed
rCold   . . .      Faith    .   (no shield)
rNeg    . . .      Spirit   .   a - +0 robe
rPois   .          Reflect  .   b - +0 hat
rElec   .          Harm     .   (no cloak)
rCorr   .          Rampage  .   (gloves unavailable)
Will    .....                   (boots unavailable)
Stlth   +.........              (no amulet)
HPRegen 0.96/turn               (no ring)
MPRegen 0.09/turn               (no ring)

@: no status effects
A: large, unfitting armour, claws 3, regeneration 1, shaggy fur 1, tough skin 1
a: no special abilities


You were on level 4 of the Dungeon.
You visited 1 branch of the dungeon, and saw 4 of its levels.

You collected 155 gold pieces.

Inventory:

Hand Weapons
 t - a +2 dagger of electrocution
 u - a +0 quarterstaff of speed
Missiles
 c - 3 throwing nets (quivered)
 f - 208 stones
 i - 3 poisoned darts
 p - 4 boomerangs of dispersal
Armour
 a - a +0 robe (worn)
 b - a +0 hat (worn)
Magical Staves
 g - a staff of death
Wands
 o - a wand of charming (10)
 x - a wand of iceblast (7)
 y - a wand of flame (14)
Scrolls
 d - 2 scrolls of teleportation
 k - a scroll of enchant armour
 l - a scroll of vulnerability
 m - 2 scrolls of amnesia
 r - a scroll of identify
 s - a scroll of holy word {unknown}
 z - a scroll of magic mapping {unknown}
Potions
 e - a potion of heal wounds
 h - a potion of flight {unknown}
 n - a potion of ambrosia {unknown}
 q - a potion of degeneration {unknown}
 v - a potion of mutation {unknown}
 w - 2 potions of haste {unknown}


   Skills:
 - Level 1.5 Fighting
 - Level 1.7 Throwing
 - Level 2.4 Dodging
 + Level 6.7 Unarmed Combat


You had 4 spell levels left.
You didn't know any spells.
Your spell library was empty.

Dungeon Overview and Level Annotations

Branches:
Dungeon (4/15)
 Temple: D:4-7

Altars:

Shops:
D:4 [


Innate Abilities, Weirdness & Mutations

You are too large for most types of armour.
You have claws for hands.
Your natural rate of healing is unusually fast.
You are covered in fur. (AC +1)
You have tough skin. (AC +1)


Message History

The black bear claws you.
You closely miss the black bear.
The black bear is moderately wounded.
The black bear bites you. The black bear barely misses you.
The black bear closely misses you.
You scratch the black bear but do no damage.
The black bear is moderately wounded.
The black bear bites you but does no damage.
The black bear claws you but does no damage.
The black bear claws you.
You claw the black bear!
The black bear is severely wounded.
The black bear goes berserk!
You scratch the black bear but do no damage.
The black bear is severely wounded.
The black bear bites you! The black bear claws you.
The black bear completely misses you.
You scratch the black bear.
The black bear is almost dead.
The black bear bites you.
The black bear claws you but does no damage.
The black bear claws you.
The black bear bites you but does no damage.
The black bear claws you but does no damage.
The black bear barely misses you.
You closely miss the black bear.
The black bear is almost dead.
The black bear bites you.
* * * LOW HITPOINT WARNING * * *
The black bear barely misses you. The black bear claws you.
* * * LOW HITPOINT WARNING * * *
An adder skeleton comes into view.
The black bear barely misses you. x2; The black bear claws you.
* * * LOW HITPOINT WARNING * * *
You barely miss the black bear.
The black bear is almost dead.
The black bear bites you.
* * * LOW HITPOINT WARNING * * *
The black bear claws you.
You die...

########### ..........#
#### .#.######.# #.. .#.#
#.# #.# .#.######.#####.#
>#..............##########.
.....†..........##....Z....
..∩###..........@h.........
...# #.###.###.###.#######.
#### #.# #.# #.# #.# #.#
#.# #.# #(# #.# #.# #.# .(.
#.# #.# #.#.##.# #.# #.#
#... .# #.# #.# ## (# #.#
(.


You could see a black bear (berserk, poisoned) and an adder skeleton.

Vanquished Creatures
  A necrophage (D:4)
  Ijyb (D:3)
  Robin (D:3)
  3 adders
  2 worms
  A dart slug (D:3)
  An orc (D:3)
  7 ball pythons
  8 bats
  2 endoplasms
  2 giant cockroaches
  14 goblins
  8 hobgoblins
  10 jackals
  3 kobolds
  2 quokkas
  3 frilled lizards
  A quokka skeleton (D:4)
  13 rats
83 creatures vanquished.

Vanquished Creatures (others)
  A goblin (D:3)
1 creature vanquished.

Grand Total: 84 creatures vanquished

Notes
Turn   | Place    | Note
-------+----------+-------------------------------------------
     0 | D:1      | mcbry74 the Troll Gladiator began the quest for the Orb.
     0 | D:1      | Reached XP level 1. HP: 19/19 MP: 0/0
   159 | D:1      | Reached XP level 2. HP: 26/27 MP: 1/1
   655 | D:1      | Reached skill level 4 in Unarmed Combat
   851 | D:1      | Found a faded altar of an unknown god.
  1117 | D:2      | Reached XP level 3. HP: 33/33 MP: 2/2
  2025 | D:3      | Reached XP level 4. HP: 41/41 MP: 3/3
  2099 | D:3      | Reached skill level 5 in Unarmed Combat
  2148 | D:3      | Noticed Ijyb
  2164 | D:3      | Killed Ijyb
  2404 | D:3      | Noticed Robin
  2418 | D:3      | Killed Robin
  2775 | D:3      | Reached XP level 5. HP: 48/48 MP: 4/4
  3235 | D:4      | Found Ceudebel's Antique Armour Shoppe.
  3245 | D:4      | Noticed a necrophage
  3251 | D:4      | Killed a necrophage
  3252 | D:4      | Reached skill level 6 in Unarmed Combat
  3276 | D:4      | Noticed a black bear
  3293 | D:4      | Slain by a black bear

Illustrated notes

Levels and vault maps discovered:
D:1:      dpeg_arrival_ratfight, layout_basic, shapermc_ecumenical_altar_ellora
D:2:      layout_basic, st_stairs_11, roderic_three_in_a_row
D:3:      kennysheep_goblin_castle, layout_loops_corners, grunt_ministairs_4,
          kennysheep_small_spiral, glass_columns_b, uniq_robin
D:4:      layout_loops_ring, serial_shops, shop, nicolae_ossuary_entry_catacombs

Skill      XL: |  1  2  3  4  5 |
---------------+----------------+-----
Unarmed Combat | 4 5 6 |  6.7
Fighting       | |  1.5
Throwing       | |  1.7
Dodging        | |  2.4

Action                   |  1- 3 |  4- 6 || total
-------------------------+-------+-------++-------
Melee: Unarmed           |   119 |    74 ||   193
       Punch             |       |     3 ||     3
Throw: Dart              |     3 |     7 ||    10
Evoke: Wand              |       |     6 ||     6
  Use: Scroll            |       |     6 ||     6
 Stab: Sleeping          |     2 |     1 ||     3
Armor: Robe              |    45 |    23 ||    68
Dodge: Dodged            |    66 |    47 ||   113
